Map: [ESL] Cosmic Sapphire

Players

Nina

  • Race: Protoss Protoss
  • Spawn Location: 5:00

PattyMac - Winner!

  • Race: Protoss Protoss
  • Spawn Location: 11:00

Event: DreamHack SC2 Masters 2022 Atlanta (Online)

VOD

Have the link to the VOD?

Description

Time

  • Played on: Oct. 7, 2022, 6:04 p.m.
  • Length: 17:46

All games in this series

Show
View Real Time Build Order
Export as new Build Order

Nina Protoss 

Build Orders: Oracle Opening 

Get SALT Encoding   

  12  0:00  Probe  
  13  0:12  Probe  
  14  0:17  Pylon  
  14  0:24  Probe  
  15  0:36  Probe (Chrono Boost)  
  15  0:37  Gateway  
  16  0:47  Probe (Chrono Boost), Assimilator  
  17  0:52  Probe (Chrono Boost)  
  17  0:55  Assimilator  
  18  1:03  Probe (Chrono Boost)  
  19  1:12  Gateway, Probe (Chrono Boost)  
  19  1:17  Probe (Chrono Boost)  
  20  1:25  Cybernetics Core  
  21  1:30  Probe  
  22  1:39  Pylon  
  22  1:42  Probe  
  23  1:57  Probe  
  24  2:01  Stargate  
  24  2:07  Stalker  
  26  2:09  Stalker  
  28  2:16  Pylon  
  28  2:18  Warp Gate (Chrono Boost)  
  28  2:21  Probe  
  29  2:43  Oracle (Chrono Boost)  
  31  2:55  Nexus  
  31  3:04  Probe  
  32  3:09  Twilight Council  
  32  3:16  Probe  
  33  3:20  Pylon  
  33  3:32  Robotics Facility  
  33  3:38  Shield Battery, Probe  
  33  3:40  Gateway  
  34  3:57  Pylon  
  34  4:02  Pylon  
  34  4:03  Stalker  
  34  4:06  Stalker  
  38  4:11  Pylon  
  42  4:24  Immortal  
  42  4:29  Oracle (Chrono Boost)  
  45  4:38  Stalker x2  
  50  4:45  Probe  
  50  4:58  Twilight Council  
  50  5:03  Probe  
  51  5:09  Nexus  
  51  5:18  Probe  
  51  5:21  Pylon  
  49  5:25  Observer (Chrono Boost)  
  50  5:30  Probe  
  51  5:38  Blink  
  51  5:42  Probe  
  52  5:44  Observer  
  52  5:47  Shield Battery  
  52  5:54  Probe  
  53  5:59  Stalker x2  
  57  6:06  Probe  
  58  6:19  Probe (Chrono Boost)  
  58  6:25  Stalker x2  
  64  6:26  Probe (Chrono Boost)  
  64  6:30  Probe (Chrono Boost)  
  65  6:36  Probe x2 (Chrono Boost)  
  67  6:42  Sentry  
  67  6:45  Probe (Chrono Boost)  
  70  6:48  Probe (Chrono Boost)  
  70  6:50  Observer  
  70  6:55  Nexus, Sentry  
  70  6:58  Probe (Chrono Boost)  
  70  6:59  Assimilator  
  74  7:05  Probe (Chrono Boost), Pylon  
  74  7:06  Probe (Chrono Boost), Pylon  
  75  7:14  Probe x2  
  75  7:15  Pylon  
  77  7:21  Robotics Bay  
  77  7:26  Probe, Assimilator  
  78  7:33  Probe  
  78  7:34  Observer  
  78  7:35  Stalker x2  
  83  7:38  Probe  
  84  7:45  Probe  
  84  7:49  Forge, Gateway  
  84  7:51  Observer (Chrono Boost)  
  86  7:53  Probe  
  86  7:55  Shield Battery  
  86  8:00  Stalker x2  
  90  8:05  Shield Battery  
  86  8:13  Probe  
  86  8:16  Stalker  
  86  8:18  Probe  
  87  8:24  Probe (Chrono Boost)  
  87  8:25  Probe (Chrono Boost)  
  87  8:26  Stalker x2  
  93  8:37  Probe x2 (Chrono Boost)  
  93  8:38  Disruptor (Chrono Boost)  
  94  8:44  Probe (Chrono Boost)  
  98  8:49  Probe x2  
  100  8:57  Probe  
  100  9:02  Photon Cannon x2  
  98  9:03  Probe  
  98  9:08  Photon Cannon  
  99  9:14  Disruptor (Chrono Boost)  
  101  9:19  Stalker x2  
  105  9:29  Stalker x2  
  105  9:31  Probe  
  109  9:37  Probe  
  108  9:38  Assimilator  
  108  9:43  Observer  
  108  9:48  Zealot x2  
  110  9:54  Probe  
  110  9:55  Disruptor (Chrono Boost), Probe  
  112  10:01  Pylon  
  112  10:02  Probe  
  112  10:03  Assimilator  
  112  10:06  Protoss Ground Weapons Level 1  
  113  10:07  Pylon  
  113  10:11  Probe  
  113  10:12  Gateway  
  114  10:16  Nexus  
  114  10:19  Photon Cannon  
  114  10:23  Probe, Pylon  
  114  10:26  Disruptor (Chrono Boost)  
  114  10:27  Pylon  
  115  10:35  Photon Cannon  
  116  10:41  Templar Archives  
  116  10:42  Stalker  
  118  10:44  Probe  
  119  10:52  Pylon  
  119  10:55  Pylon  
  117  10:59  Shield Battery, Probe  
  118  11:05  Stalker x3  
  120  11:13  Stalker x2  
  120  11:14  Probe  
  120  11:16  Probe  
  124  11:26  Probe (Chrono Boost), Gateway  
  124  11:29  Gateway  
  124  11:30  Probe x2 (Chrono Boost)  
  128  11:36  Probe (Chrono Boost)  
  128  11:39  Stalker x2  
  129  11:40  Stalker  
  129  11:42  Observer  
  132  11:48  Probe  
  123  11:55  Stalker x2  
  123  11:57  Probe  
  120  12:03  Disruptor (Chrono Boost)  
  120  12:04  Stalker  
  120  12:06  Probe  
  124  12:09  Photon Cannon  
  124  12:12  Probe  
  124  12:13  Robotics Facility  
  124  12:14  Photon Cannon  
  124  12:15  High Templar x2  
  125  12:16  Probe  
  125  12:17  Probe  
  125  12:18  Probe  
  125  12:20  Archon, High Templar x2  
  132  12:25  Archon  
  132  12:26  Stalker x2  
  136  12:30  Probe  
  136  12:32  Shield Battery, Stalker  
  137  12:37  Observer (Chrono Boost)  
  137  12:38  Probe  
  137  12:39  Stalker  
  136  12:45  Stalker x3  
  136  12:50  Stalker  
  128  12:52  Probe  
  128  12:59  Disruptor (Chrono Boost)  
  128  13:01  Disruptor (Chrono Boost)  
  128  13:02  Nexus  
  134  13:09  Photon Cannon  
  134  13:15  High Templar x3  
  134  13:16  High Templar  
  142  13:20  Shield Battery, Archon x2  
  142  13:22  Dark Shrine  
  142  13:26  Pylon  
  142  13:28  Photon Cannon, Protoss Ground Weapons Level 2 (Chrono Boost)  
  142  13:37  Shield Battery  
  142  13:38  Stalker  
  143  13:42  Disruptor (Chrono Boost)  
  143  13:47  Disruptor (Chrono Boost), Zealot x2  
  146  13:52  Probe  
  146  13:53  Probe  
  151  13:56  Photon Cannon  
  151  14:00  Zealot  
  153  14:03  Zealot  
  153  14:07  Zealot  
  147  14:15  Stalker  
  147  14:16  Stalker  
  127  14:19  Probe x2 (Chrono Boost)  
  127  14:22  Disruptor, Probe (Chrono Boost)  
  131  14:29  Disruptor  
  136  14:31  Probe (Chrono Boost)  
  136  14:33  Photon Cannon  
  136  14:36  Dark Templar, Probe (Chrono Boost)  
  136  14:38  Dark Templar  
  139  14:45  Stalker  
  139  14:46  Stalker x2  
  143  14:56  Dark Templar x2  
  145  15:02  Pylon  
  145  15:05  Photon Cannon  
  142  15:09  Dark Templar x2  
  105  15:22  Stalker x3  
  105  15:24  Probe  
  107  15:31  Probe, Pylon  
  107  15:33  Stalker x2  
  107  15:35  Probe x2  
  106  15:39  Photon Cannon, Probe  
  110  15:47  Disruptor (Chrono Boost)  
  112  15:51  Photon Cannon, Assimilator  
  112  15:55  Assimilator  
  112  15:57  Stalker x3  
  114  15:58  Warp Prism (Chrono Boost)  
  118  16:06  Pylon  
  118  16:09  Stalker x3  
  124  16:17  Gateway  
  124  16:19  Disruptor (Chrono Boost)  
  124  16:25  Zealot x4  
  133  16:36  Disruptor, Nexus  
  136  16:42  Pylon  
  132  16:48  Dark Templar x2  
  132  16:51  Zealot x5  
  124  17:08  Disruptor (Chrono Boost)  
  117  17:14  Disruptor (Chrono Boost)  
  107  17:16  Stalker  
  107  17:17  Photon Cannon  
  109  17:23  Zealot x6  
Show
View Real Time Build Order
Export as new Build Order

PattyMac Protoss - Winner!

Build Orders: Blink Stalkers 

Get SALT Encoding   

  12  0:00  Probe  
  13  0:12  Probe  
  14  0:17  Pylon  
  14  0:24  Probe (Chrono Boost)  
  15  0:36  Gateway, Probe (Chrono Boost)  
  16  0:44  Probe (Chrono Boost)  
  16  0:46  Assimilator  
  17  0:52  Probe (Chrono Boost)  
  17  0:54  Assimilator  
  18  1:04  Probe (Chrono Boost)  
  18  1:07  Gateway  
  19  1:13  Probe (Chrono Boost)  
  20  1:18  Probe  
  20  1:24  Cybernetics Core  
  21  1:31  Probe  
  22  1:35  Pylon  
  22  1:43  Probe  
  23  1:55  Probe  
  23  1:58  Warp Gate (Chrono Boost)  
  23  2:00  Stalker x2  
  28  2:08  Probe  
  28  2:14  Pylon  
  29  2:30  Stalker  
  29  2:32  Stalker  
  33  2:38  Twilight Council  
  33  2:43  Probe  
  34  2:45  Pylon  
  34  3:00  Stalker  
  34  3:02  Stalker  
  38  3:09  Shield Battery  
  38  3:17  Blink (Chrono Boost)  
  38  3:41  Nexus  
  38  3:51  Stalker  
  38  3:54  Probe  
  41  4:00  Stalker  
  43  4:06  Probe  
  44  4:13  Robotics Facility  
  44  4:21  Probe  
  44  4:22  Shield Battery  
  45  4:26  Stalker  
  47  4:45  Pylon  
  47  4:52  Probe  
  48  4:55  Stalker  
  48  4:58  Gateway, Stalker  
  52  5:00  Observer (Chrono Boost)  
  52  5:05  Probe  
  54  5:08  Probe  
  50  5:18  Probe (Chrono Boost)  
  50  5:27  Stalker  
  53  5:31  Probe x2 (Chrono Boost)  
  54  5:36  Sentry, Probe (Chrono Boost)  
  54  5:38  Probe (Chrono Boost)  
  54  5:40  Assimilator  
  58  5:45  Probe  
  58  5:49  Probe  
  60  5:56  Immortal (Chrono Boost)  
  64  5:57  Probe  
  64  6:00  Phoenix  
  64  6:01  Probe  
  64  6:04  Pylon  
  66  6:09  Probe  
  66  6:13  Probe  
  67  6:22  Probe  
  67  6:23  Nexus  
  68  6:27  Probe  
  68  6:32  Forge  
  69  6:37  Stalker  
  69  6:39  Probe  
  68  6:42  Probe  
  69  6:51  Probe  
  69  6:54  Probe  
  71  6:58  Charge  
  71  7:03  Probe  
  71  7:04  Gateway x2  
  71  7:05  Observer (Chrono Boost)  
  73  7:08  Stalker  
  73  7:09  Sentry  
  73  7:13  Probe  
  78  7:16  Protoss Ground Weapons Level 1 (Chrono Boost)  
  78  7:19  Pylon  
  78  7:26  Shield Battery  
  78  7:32  Pylon  
  78  7:35  Probe  
  78  7:36  Probe  
  80  7:38  Probe  
  80  7:40  Adept x2  
  80  7:43  Stalker  
  85  7:49  Observer  
  85  7:50  Probe (Chrono Boost)  
  88  7:51  Probe (Chrono Boost)  
  88  7:53  Probe (Chrono Boost)  
  88  7:55  Gateway  
  88  7:56  Gateway  
  89  8:03  Stalker x2  
  91  8:12  Probe  
  82  8:25  Probe x2  
  82  8:26  Stalker x5  
  94  8:48  Nexus  
  94  8:49  Observer, Pylon  
  94  8:50  Gateway  
  94  8:54  Gateway  
  93  9:00  Adept  
  95  9:04  Probe, Protoss Ground Weapons Level 2 (Chrono Boost)  
  95  9:05  Probe  
  97  9:10  Observer  
  97  9:12  Probe  
  97  9:15  Zealot x3, Pylon  
  105  9:20  Probe  
  106  9:27  Probe  
  106  9:28  Zealot  
  109  9:34  Gateway  
  109  9:36  Gateway  
  109  9:38  Pylon  
  93  9:54  Stalker x6  
  93  9:55  Zealot x2  
  109  10:02  Assimilator  
  109  10:06  Pylon  
  109  10:11  Dark Shrine, Photon Cannon  
  109  10:13  Photon Cannon  
  108  10:16  Observer (Chrono Boost)  
  108  10:17  Zealot x2  
  112  10:24  Stalker x3  
  118  10:28  Probe  
  118  10:29  Probe  
  118  10:30  Probe  
  118  10:32  Probe  
  118  10:33  Stalker  
  124  10:37  Zealot  
  124  10:40  Observer  
  124  10:41  Probe  
  128  10:45  Zealot x2  
  128  10:47  Probe x3  
  135  10:53  Probe  
  136  10:57  Pylon  
  136  11:05  Zealot x6  
  148  11:16  Gateway, Stalker x3  
  136  11:28  Zealot x5  
  136  11:29  Zealot x2  
  136  11:32  Probe x2  
  152  11:39  Pylon  
  148  11:41  Zealot x4  
  120  12:03  Stalker x8  
  120  12:05  Protoss Ground Weapons Level 3 (Chrono Boost)  
  131  12:13  Zealot x4  
  135  12:24  Nexus  
  135  12:29  Zealot, Dark Templar x2  
  141  12:33  Probe  
  140  12:40  Zealot x4  
  140  12:41  Zealot  
  108  12:59  Stalker x2  
  108  13:00  Stalker x5  
  121  13:08  Stalker x4  
  121  13:11  Probe x3  
  132  13:18  Zealot  
  133  13:20  Observer  
  133  13:24  Zealot  
  133  13:25  Zealot x4  
  144  13:29  Dark Templar  
  144  13:30  Zealot  
  144  13:33  Probe x2  
  144  13:34  Probe  
  151  13:45  Observer  
  151  13:46  Zealot x6  
  161  13:49  Stalker x2  
  161  13:52  Photon Cannon  
  161  13:54  Shadow Stride  
  163  14:04  Stalker x4  
  133  14:18  Stalker x4  
  133  14:19  Stalker x2  
  133  14:23  Zealot x2  
  149  14:29  Stalker x2  
  153  14:33  Assimilator  
  153  14:34  Unknown, Stalker  
  153  14:37  Probe  
  156  14:43  Zealot x2  
  156  14:44  Zealot x3  
  164  14:54  Shield Battery  
  164  14:56  Zealot x5  
  174  15:00  Stalker x2  
  178  15:10  Zealot x3  
  110  15:34  Stalker x7  
  110  15:35  Stalker x5  
  120  15:40  Assimilator  
  117  15:59  Nexus, Stalker x6  
  117  16:00  Photon Cannon  
  117  16:01  Pylon  
  129  16:04  Zealot x4  
  129  16:09  Observer (Chrono Boost)  
  138  16:13  Zealot, Pylon  
  138  16:14  Zealot  
  142  16:23  Zealot x4  
  148  16:32  Dark Templar x2  
  150  16:34  Zealot x5  
  156  16:51  Zealot x5  
  157  17:01  Photon Cannon, Stalker x5  
  157  17:02  Shield Battery  
  151  17:13  Stalker x4  
  149  17:16  Stalker  
  149  17:20  Zealot x2  
  137  17:35  Stalker x5  
  137  17:38  Zealot x2  
Tags
 
Add a new tag
Caveats
  • Supply blocks, unpowered buildings, or Contaminate may cause inaccurate times.
  • Supply counts are checked every 10 seconds.